 Dungeon Crawl Stone Soup version 0.19-a0-1608-g4cf22de (webtiles) character file.

63200 Amnesiac the Cruncher (level 14, -8/113 HPs)
             Began as a Mummy Gladiator on Sept 18, 2016.
             Was an Initiate of Gozag.
             Mangled by a redback (9 damage)
             ... summoned by a deep elf mage
             ... on level 1 of the Elven Halls.
             The game lasted 00:46:23 (23267 turns).

Amnesiac the Cruncher (Mummy Gladiator)            Turns: 23267, Time: 00:46:23

Health: -8/113     AC:  8    Str: 22    XL:     14   Next: 67%
Magic:  23/23      EV: 16    Int:  7    God:    Gozag
Gold:   5774       SH:  0    Dex: 17    Spells: 0 memorised, 13 levels left

rFire  . . .     SeeInvis .     F - +7 lajatang of Harmony {drain, *Slow rC+ MR+}
rCold  + + .     Gourm    .     k - +3 plate armour {rF+}
rNeg   + + +     Faith    .     (shield currently unavailable)
rPois  ∞         Spirit   .     o - +0 Maxwell's etheric cage {RegenMP+ *Contam rElec MP+4}
rElec  +         Dismiss  .     a - +1 cloak {+Inv}
rCorr  .         Reflect  .     O - +2 pair of gloves
MR     ++...     Harm     .     (no boots)
Stlth  ..........               U - amulet of regeneration
                                S - +4 ring of evasion
                                C - +3 ring of strength

@: confused, corroded, gold aura
A: no food or potions, fire vulnerability, cold resistance 1, negative energy
resistance 3, torment resistance, unbreathing, in touch with death 1
a: Potion Petition, Call Merchant, Bribe Branch, Renounce Religion, Evoke
Invisibility


You were on level 1 of the Elven Halls.
You worshipped Gozag.
Gozag was greatly pleased with you.
You were not hungry.

You visited 4 branches of the dungeon, and saw 20 of its levels.
You also visited: Labyrinth.

You collected 7163 gold pieces.
You spent 824 gold pieces at shops.
You paid 565 gold pieces to Gozag.

Inventory:

Hand Weapons
 F - the +7 lajatang of Harmony (weapon) {drain, *Slow rC+ MR+}
   (You bought it in a shop on level 9 of the Dungeon)

   A truly terrible weapon, it drains the life of those it strikes.
   It protects you from cold.
   It affects your resistance to hostile enchantments.
   It may slow you when you take damage.
 L - a +7 blowgun
Missiles
 d - 5 throwing nets (quivered)
 K - 9 curare-tipped needles
Armour
 a - a +1 cloak of invisibility (worn)
 k - a +3 plate armour of fire resistance (worn)
 o - the +0 Maxwell's etheric cage (worn) {RegenMP+ *Contam rElec MP+4}
   (You bought it in a shop on level 2 of the Orcish Mines)

   It insulates you from electricity.
   It affects your magic capacity (+4).
   It causes magical contamination when unequipped.
 O - a +2 pair of gloves (worn)
Magical Staves
 j - an uncursed staff of air
 x - an uncursed staff of fire
Jewellery
 p - an uncursed ring of ice
 t - an uncursed ring of stealth
 B - an uncursed ring of fire
 C - a +3 ring of strength (left hand)
 P - an uncursed ring of protection from cold
 S - a +4 ring of evasion (right hand)
 T - an uncursed amulet of magic regeneration
 U - an amulet of regeneration (around neck)
Wands
 f - a wand of lightning (9/15)
 m - a wand of teleportation (4/9)
 r - a wand of slowing (27/48)
 v - a wand of polymorph (16/24)
 A - a wand of disintegration (4/24)
 G - a wand of lightning (5/15)
 H - a wand of lightning (5/15)
 I - a wand of enslavement (18/24)
 J - a wand of digging (1/24)
 M - a wand of teleportation (0/9)
 N - a wand of enslavement (9/24)
 R - a wand of enslavement (10/24)
 V - a wand of digging (5/24)
Scrolls
 b - 3 scrolls of recharging
 e - 3 scrolls of fog
 g - 11 scrolls of remove curse
 h - 2 scrolls of brand weapon
 i - 3 scrolls of enchant weapon
 l - 4 scrolls of enchant armour
 q - 2 scrolls of fear
 s - 5 scrolls of amnesia
 u - 6 scrolls of teleportation
 z - 3 scrolls of magic mapping
 D - a scroll of identify
 E - a scroll of summoning
 Q - a scroll of blinking
 X - 2 scrolls of vulnerability
Books
 c - a book of Alchemy

   Spells                             Type                      Level
   a - Sublimation of Blood           Necromancy                   2
   b - Ignite Poison                  Fire/Transmutation/Poison    3
   c - Petrify                        Transmutation/Earth          4
   d - Alistair's Intoxication        Transmutation/Poison         5
   e - Irradiate                      Conjuration/Transmutation    5
 n - a Necronomicon

   Spells                             Type                      Level
   a - Haunt                          Necromancy/Summoning         7
   b - Borgnjor's Revivification      Necromancy                   8
   c - Death's Door                   Charms/Necromancy            8
   d - Infestation                    Necromancy                   8
   e - Necromutation                  Transmutation/Necromancy     8
 y - the Almanac of Freezing Clay
   (You found it on level 6 of the Dungeon)

   Spells                             Type                      Level
   a - Passwall                       Transmutation/Earth          2
   b - Throw Icicle                   Conjuration/Ice              4
   c - Metabolic Englaciation         Hexes/Ice                    5
   d - Statue Form                    Transmutation/Earth          6
 W - a book of Changes

   Spells                             Type                      Level
   a - Beastly Appendage              Transmutation                1
   b - Sticks to Snakes               Transmutation                2
   c - Spider Form                    Transmutation/Poison         3
   d - Ice Form                       Ice/Transmutation            4
   e - Blade Hands                    Transmutation                5
 Y - a book of the Earth

   Spells                             Type                      Level
   a - Leda's Liquefaction            Hexes/Earth                  4
   b - Bolt of Magma                  Conjuration/Fire/Earth       5
   c - Statue Form                    Transmutation/Earth          6
   d - Iron Shot                      Conjuration/Earth            6
   e - Shatter                        Earth                        9
 Z - a book of Necromancy

   Spells                             Type                      Level
   a - Pain                           Necromancy                   1
   b - Animate Skeleton               Necromancy                   1
   c - Vampiric Draining              Necromancy                   3
   d - Regeneration                   Charms/Necromancy            3
   e - Animate Dead                   Necromancy                   4
   f - Control Undead                 Necromancy                   4


   Skills:
 - Level 11.0 Fighting
 - Level 14.0 Staves
 - Level 2.0 Throwing
 + Level 9.1 Armour
 - Level 9.4 Dodging
 - Level 7.0 Evocations


You had 13 spell levels left.
You didn't know any spells.

Dungeon Overview and Level Annotations

Branches:
Dungeon (11/15)            Temple (0/1) D:6            Lair (6/6) D:11
  Swamp (0/4) Lair:3        Snake (0/4) Lair:3        Slime (0/5) Lair:5
    Orc (2/2) D:11            Elf (1/3) Orc:2

Altars:
Ashenzari
Elyvilon
Gozag
Hepliaklqana
Kikubaaqudgha
Makhleb
Nemelex Xobeh
Qazlal
Sif Muna
Uskayaw
Vehumet
Yredelemnul
Beogh
Jiyva

Shops:
D:9 !=%(?%   D:10 (   Orc:2 *[(


Innate Abilities, Weirdness & Mutations

You do not eat or drink.
Your flesh is vulnerable to fire.
You are immune to poison.
Your flesh is cold resistant. (rC+)
You are immune to negative energy. (rN+++)
You are immune to unholy pain and torment.
You can survive without breathing.
You are in touch with the powers of death.


Message History

The tarantella bites you but does no damage.
The redback misses you. The ice devil barely misses you.
The deep elf mage is distracted by the nearby gold.
The deep elf mage shouts!
You're too confused!
Evoke which item? (* to show all) (? for menu, Esc to quit)
Zapping:
M - a wand of teleportation {zapped: 5} (will waste charges)
Press: ? - help, Shift-Dir - straight line, f - you Nothing appears to happen.
The tarantella completely misses you. The redback barely misses you.
The tarantella bites you!
* * * LOW HITPOINT WARNING * * *
The ice devil hits you.
* * * LOW HITPOINT WARNING * * *
The ice devil freezes you. You resist.
* * * LOW HITPOINT WARNING * * *
The tarantella bites you.
* * * LOW HITPOINT WARNING * * *
The redback bites you!
You die...
Your body crumbles into a pile of gold.

.......+
).....##
.....#####
.........##
...#####..#
#### ## ####
##.####..♣
§≈### #..##...#
§§§§#
##.##..####§§≈#
#.##..#@}##§§#
#.#.).ss.)##§#
#.'...'e4.)#§#
###...'..$##≈#
##).#$$##§§#
#..####§§§#
#...# §§§§#
##..♣ §§###
#### ###


You could see an ice devil, a deep elf mage, a tarantella and a redback.

Vanquished Creatures
  An orc warlord (Orc:2)
  A stone giant (Orc:1)
  An ettin (Orc:2)
  A minotaur (Lab)
  Josephine (D:11)
  A deep elf high priest (Elf:1)
  Erolcha (Orc:2)
  2 hydras
  4 orc high priests (Orc:2)
  Sonja (D:11)
  Nergalle (Lair:1)
  An unseen horror (D:10)
  Pikel (D:4)
  A hill giant (D:11)
  4 orc knights (Orc:2)
  3 orc sorcerers (Orc:2)
  7 deep elf magi (Elf:1)
  Maurice (D:11)
  4 black mambas
  24 spiny frogs
  Psyche (D:9)
  A torpor snail (Lair:4)
  3 rime drakes
  9 komodo dragons
  A polar bear (Lair:6)
  6 trolls
  5 tyrant leeches (Lair:6)
  8 blink frogs
  Grinder (D:5)
  2 two-headed ogres
  8 hippogriffs
  Sigmund (D:2)
  2 redbacks (Lab)
  2 wyverns
  22 yaks
  6 wraiths
  4 water elementals (D:10)
  5 basilisks
  4 hungry ghosts
  4 hogs (D:7)
  A human (D:6)
  A steam dragon (D:10)
  4 vampire mosquitoes (Lair:6)
  5 swamp worms (Lair:3)
  A soldier ant (D:10)
  2 nagas (Lair:3)
  3 wargs
  12 porcupines
  9 water moccasins
  29 orc warriors
  A phantom (D:4)
  An ice beast (D:10)
  2 slaves (D:4)
  5 black bears
  13 ogres
  4 sky beasts
  An eye of draining (D:11)
  2 necrophages
  24 wolves
  2 centaurs
  14 crocodiles
  A big kobold (D:11)
  26 bullfrogs
  A gnoll sergeant (D:11)
  2 wyvern skeletons
  6 scorpions
  A troll zombie (D:11)
  4 killer bees (D:10)
  7 wights
  5 electric eels
  4 crimson imps
  2 quasits
  A bullfrog zombie (D:4)
  A centaur zombie (D:10)
  A bullfrog skeleton (D:8)
  26 orc priests
  8 hounds
  42 orc wizards
  2 centaur skeletons (D:4)
  A gnoll shaman (D:7)
  9 iguanas
  12 worker ants
  6 ogre zombies (D:11)
  A hound zombie (D:5)
  A hound skeleton (D:8)
  6 gnolls
  2 howler monkey skeletons
  12 adders
  34 river rats
  4 shadow imps
  4 oozes
  An adder zombie (D:4)
  3 adder skeletons
  3 worms
  2 dart slugs
  8 leopard geckos
  79 orcs
  5 ball pythons
  3 giant cockroaches
  12 goblins
  7 hobgoblins
  3 jackals (D:5)
  4 quokkas
  5 bats
  3 frilled lizards
  A goblin skeleton (D:11)
  3 goblin zombies (D:11)
  A hobgoblin skeleton (D:11)
  A hobgoblin zombie (D:11)
  20 kobolds
  A leopard gecko skeleton (D:4)
  2 orc skeletons (D:11)
  17 orc zombies (D:11)
  A quokka skeleton (D:4)
  A quokka zombie (D:4)
  9 rats
719 creatures vanquished.

Vanquished Creatures (others)
  2 dancing weapons (Elf:1)
  An orc wizard (D:6)
  An orc (Orc:2)
  A quokka (D:4)
  7 fungi
  32 plants
44 creatures vanquished.

Grand Total: 763 creatures vanquished

Notes
Turn   | Place    | Note
-------+----------+-------------------------------------------
     0 | D:1      | Amnesiac the Mummy Gladiator began the quest for the Orb.
     0 | D:1      | Reached XP level 1. HP: 16/16 MP: 1/1
   133 | D:2      | Reached XP level 2. HP: 20/22 MP: 2/2
   227 | D:2      | Reached skill level 3 in Staves
   237 | D:2      | Found a faded altar of an unknown god.
   439 | D:2      | Reached XP level 3. HP: 23/27 MP: 3/3
   655 | D:3      | Reached skill level 4 in Staves
   709 | D:3      | Reached XP level 4. HP: 27/33 MP: 4/4
   763 | D:3      | Found a basalt altar of Yredelemnul.
   915 | D:4      | Found a sparkling altar of Nemelex Xobeh.
   937 | D:4      | Noticed a phantom
   964 | D:4      | Killed a phantom
   964 | D:4      | Reached XP level 5. HP: 12/38 MP: 5/5
  1236 | D:4      | Reached skill level 5 in Staves
  1402 | D:4      | Reached XP level 6. HP: 41/44 MP: 6/6
  1950 | D:4      | Reached skill level 6 in Staves
  2249 | D:4      | Found a deep blue altar of Sif Muna.
  2293 | D:4      | Noticed a slave
  2320 | D:4      | Killed a slave
  2799 | D:4      | Reached XP level 7. HP: 50/50 MP: 7/7
  2983 | D:4      | Found a white marble altar of Elyvilon.
  3076 | D:4      | Found an opulent altar of Gozag.
  3084 | D:4      | Became a worshipper of Gozag Ym Sagoz the Greedy
  4262 | D:2      | Noticed Sigmund
  4275 | D:2      | Killed Sigmund
  4275 | D:2      | Reached skill level 7 in Staves
  4791 | D:4      | Noticed Pikel
  4817 | D:4      | Killed Pikel
  4817 | D:4      | Reached skill level 8 in Staves
  4817 | D:4      | Reached XP level 8. HP: 49/56 MP: 8/8
  4915 | D:5      | Entered Level 5 of the Dungeon
  4998 | D:5      | Noticed Grinder
  5029 | D:5      | Killed Grinder
  5029 | D:5      | Reached skill level 9 in Staves
  5626 | D:5      | Reached skill level 10 in Staves
  5626 | D:5      | Reached XP level 9. HP: 53/63 MP: 9/9
  5928 | D:6      | Found a staircase to the Ecumenical Temple.
  6029 | D:6      | Found a shattered altar of Ashenzari.
  6274 | D:6      | Found an ancient bone altar of Kikubaaqudgha.
  6365 | D:6      | Identified the Almanac of Freezing Clay
  6507 | D:6      | Found a hazy altar of Hepliaklqana.
  6692 | D:7      | Found a radiant altar of Vehumet.
  6952 | D:7      | Found a hide-covered altar of Uskayaw.
  6995 | D:7      | Reached skill level 11 in Staves
  7199 | D:7      | Found a stormy altar of Qazlal.
  8012 | D:7      | Reached XP level 10. HP: 61/71 MP: 10/10
  8933 | D:9      | Reached skill level 12 in Staves
  8942 | D:9      | Bought an iridescent lajatang for 460 gold pieces
  8942 | D:9      | Identified the +7 lajatang of Harmony {drain, *Slow rC+ MR+} (You bought it in a shop on level 9 of the Dungeon)
  9001 | D:9      | Found Kuiwk's Distillery.
  9060 | D:9      | Reached skill level 5 in Fighting
  9064 | D:9      | Noticed Psyche
  9072 | D:10     | Entered Level 10 of the Dungeon
  9826 | D:10     | Reached skill level 13 in Staves
 10166 | D:10     | Killed an unseen horror
 10166 | D:10     | Reached XP level 11. HP: 26/81 MP: 11/11
 10423 | D:10     | Found Dentep's Weapon Shop.
 10518 | D:9      | Killed Psyche
 11036 | D:8      | Found a burning altar of Makhleb.
 11372 | D:9      | Found Ziluexte's Magic Scroll Boutique.
 11376 | D:9      | Found Ysion's Food Shop.
 11377 | D:9      | Found Benolioh's Food Shop.
 11472 | D:9      | Found Qaaplew's Jewellery Shoppe.
 11767 | D:11     | Noticed a hill giant
 11773 | D:11     | Killed a hill giant
 11773 | D:11     | Reached skill level 14 in Staves
 11879 | D:11     | Found a staircase to the Lair.
 12004 | D:11     | Noticed Josephine
 12489 | D:11     | Killed Josephine
 12729 | D:11     | Noticed Sonja
 12734 | D:11     | Killed Sonja
 13089 | D:11     | Found a staircase to the Orcish Mines.
 13484 | D:11     | Noticed Maurice
 13491 | D:11     | Killed Maurice
 13504 | D:11     | Reached XP level 12. HP: 56/97 MP: 12/12
 13878 | Lair:1   | Entered Level 1 of the Lair of Beasts
 13920 | Lair:1   | Reached skill level 10 in Fighting
 14235 | Lair:1   | Noticed Nergalle
 14243 | Lair:1   | Killed Nergalle
 14499 | Lair:1   | Reached skill level 1 in Evocations
 15410 | Lair:3   | Found a staircase to the Snake Pit.
 15783 | Lair:3   | Found a staircase to the Swamp.
 15785 | Lair:3   | Reached skill level 5 in Evocations
 17488 | Lair:5   | Reached skill level 1 in Armour
 17499 | Lair:5   | Gained mutation: You are in touch with the powers of death. [Mummy growth]
 17499 | Lair:5   | Reached XP level 13. HP: 85/106 MP: 18/18
 17873 | Lair:5   | Found a deep blue altar of Sif Muna.
 18029 | Lair:5   | Found a viscous altar of Jiyva.
 18029 | Lair:5   | Found a staircase to the Slime Pits.
 18295 | Lair:6   | Entered Level 6 of the Lair of Beasts
 18317 | Lair:6   | Reached skill level 5 in Dodging
 18733 | Lair:6   | Reached skill level 5 in Armour
 20281 | Orc:1    | Entered Level 1 of the Orcish Mines
 20482 | Orc:2    | Entered Level 2 of the Orcish Mines
 20516 | Orc:2    | Found a labyrinth entrance.
 20534 | Lab      | Entered a labyrinth
 21017 | Lab      | Noticed a minotaur
 21023 | Lab      | Killed a minotaur
 21041 | Lab      | Got a blackened cloak
 21052 | Lab      | Identified the +1 cloak "Wiaceu" {Dex+2} (You found it in a labyrinth)
 21136 | Orc:2    | Noticed an ettin
 21182 | Orc:2    | Killed an ettin
 21182 | Orc:2    | Reached XP level 14. HP: 62/113 MP: 19/19
 21330 | Orc:2    | Found a staircase to the Elven Halls.
 21480 | Orc:2    | Noticed Erolcha
 21493 | Orc:2    | Killed Erolcha
 21747 | Orc:2    | Noticed an orc warlord
 21804 | Orc:2    | Killed an orc warlord
 21951 | Orc:1    | Found a roughly hewn altar of Beogh.
 22109 | Orc:1    | Noticed a stone giant
 22250 | Orc:1    | Killed a stone giant
 22613 | Orc:2    | Found Atukyib's Antique Armour Shoppe.
 22748 | Orc:2    | Found Rikoteusch's Antique Weapon Shoppe.
 22749 | Orc:2    | Found Kighek's General Store.
 22749 | Orc:2    | Found Bewa Rel's Jewellery Emporium.
 22761 | Orc:2    | Bought a pair of glowing gloves for 94 gold pieces
 22761 | Orc:2    | Bought the +0 Maxwell's etheric cage {RegenMP+ *Contam rElec MP+4} for 270 gold pieces
 23132 | Elf:1    | Entered Level 1 of the Elven Halls
 23266 | Elf:1    | HP: 4/113 [ice devil[a deep elf mage] (3)]
 23267 | Elf:1    | HP: 1/113 [tarantella[a deep elf mage] (4)]
 23267 | Elf:1    | Mangled by a redback

Vault maps used:
D:1:      noname_arrival_rooms_in_the_neighbourhood,
          hangedman_abyss_or_decor_lesser_grid
D:2:      ecumenical_altar_2, minmay_splitting_lines, uniq_sigmund
D:3:      marbit_many_paths, minmay_misc_feat_tiny
D:4:      nemelex_xobeh_ov_fountains_minmay, lemuel_coloured_pillars_altar,
          kennysheep_mini_moat, first_bread, serial_undead, serial_undead_e,
          serial_undead_a, serial_undead_b, serial_undead_f, elyvilon_altar_4,
          uniq_pikel
D:5:      grunt_ministairs_5, uniq_grinder
D:6:      kiku_gazebo_pond_becter, ashenzari_altar_1,
          nicolae_overflow_crystal_walls
D:7:      vehumet_crystals, kennysheep_little_box, grunt_livestock,
          grunt_qazlal_sundering
D:8:      makhleb_blood_cavern_becter
D:9:      serial_shops, shop, nicolae_shop_trees, shop, shop,
          nicolae_shop_trees, uniq_psyche
D:10:     serial_shops, shop, nicolae_underground_beach
D:11:     lair_0_dummy, zombieorc2_lemuel, kennysheep_opposing_triangles,
          uniq_josephine, uniq_maurice, uniq_sonja
Lair:1:   uniq_nergalle
Lair:2:   infiniplex_staircase_pool
Lair:3:   nicolae_swamp_entry_splash_gauntlet, guppyfry_snake_entry_island,
          grunt_forest_stairs_basic
Lair:5:   slime_altar_1, basic_altar, grunt_megastairs_5
Lair:6:   minmay_lair_end_frog_pond, st_stairs_12
Orc:1:    basic_altar
Orc:2:    st_orc_congregation, lab_entry_generic, uniq_erolcha
Elf:1:    kennysheep_oblong_rooms, portal_ice_cave_entry_pillars_four,
          basic_altar, kennysheep_underground_church
Lab:      labyrinth_mini_lab, nicolae_lab_flowing_pool, labyrinth_glass_1,
          nicolae_lab_t_cross, nicolae_lab_dead_end

Skill      XL: |  1  2  3  4  5  6  7  8  9 10 11 12 13 14 |
---------------+-------------------------------------------+-----
Staves         | 3 4 5 6 8 10 11 13 14 | 14.0
Throwing       | 2 |  2.0
Fighting       | 3 4 6 9 11 | 11.0
Evocations     | 7 |  7.0
Dodging        | 3 8 9 |  9.4
Armour         | 1 6 9 |  9.1

Action                   |  1- 3 |  4- 6 |  7- 9 | 10-12 | 13-15 || total
-------------------------+-------+-------+-------+-------+-------++-------
Melee: Quarterstaff      |   119 |   184 |   527 |    90 |       ||   920
       Lajatang          |       |       |       |   769 |   807 ||  1576
       Staff             |       |       |       |       |     5 ||     5
Throw: Throwing net      |       |     3 |       |       |     2 ||     5
Invok: Call Merchant     |       |       |       |     1 |       ||     1
Evoke: Wand              |       |       |       |       |    17 ||    17
       Box of beasts     |       |       |       |       |     1 ||     1
  Use: Scroll            |       |     5 |     5 |    10 |     5 ||    25
 Stab: Distracted        |       |       |     2 |     7 |    13 ||    22
       Held in net/web   |       |       |       |       |     1 ||     1
Armor: Chain mail        |    64 |    86 |   239 |   121 |       ||   510
       Leather armour    |     1 |       |       |       |       ||     1
       Plate armour      |       |       |       |   289 |   303 ||   592
Dodge: Dodged            |    49 |    55 |   162 |   254 |   422 ||   942
